 Dungeon Crawl Stone Soup version 0.16-b1 (webtiles) character file.

203 abixa the Chopper (level 5, 0/47 HPs)
             Began as a Minotaur Hunter on Mar 11, 2015.
             Slain by an iguana (7 damage)
             ... on level 4 of the Dungeon.
             The game lasted 00:05:45 (2491 turns).

abixa the Chopper (Minotaur Hunter)                 Turns: 2491, Time: 00:05:45

Health: 0/47       AC:  7    Str: 17    XL:     5   Next: 51%
Magic:  2/2        EV: 10    Int:  8    God:
Gold:   108        SH:  0    Dex: 11    Spells: 0 memorised, 4 levels left

rFire  . . .     SeeInvis .     a - +0 hand axe
rCold  . . .     Clarity  .     l - +0 scale mail (curse)
rNeg   . . .     SustAb   .     (no shield)
rPois  .         Gourm    .     (helmet restricted)
rElec  .         Spirit   .     (no cloak)
rCorr  .         Warding  .     n - +0 pair of gloves
rMut   .         Stasis   .     (no boots)
MR     .....                    (no amulet)
Stlth  ..........               (no ring)
                                (no ring)

@: not resistant to hostile enchantments, extremely unstealthy
A: retaliatory headbutt, horns 2
a: no special abilities


You were on level 4 of the Dungeon.
You were not hungry.

You visited 1 branch of the dungeon, and saw 4 of its levels.

You collected 108 gold pieces.

Inventory:

Hand weapons
 a - a +0 hand axe (weapon)
 b - a +1 hand crossbow
 m - a +0 trident
Missiles
 c - 19 bolts
 e - 75 stones (quivered)
 q - 16 sling bullets
 r - 20 arrows
 B - 3 poisoned javelins
 H - 9 silver sling bullets
 M - 3 tomahawks
Armour
 d - a +0 leather armour
 l - a cursed +0 scale mail (worn)
 n - a +0 pair of gloves (worn)
 t - a +0 chain mail
Jewellery
 j - a +6 ring of protection {unknown}
 o - an uncursed ring of fire {unknown}
 p - a +3 ring of evasion {unknown}
 u - a cursed ring of protection from cold {unknown}
 A - an uncursed ring of wizardry {unknown}
 C - an uncursed ring of magical power {unknown}
 F - a cursed ring of loudness {unknown}
Scrolls
 h - 2 scrolls of magic mapping {unknown}
 i - a scroll of remove curse {unknown}
 k - 8 scrolls of identify {unknown}
 y - 2 scrolls of random uselessness {unknown}
 z - a scroll of enchant weapon {unknown}
 D - a scroll of teleportation {unknown}
 E - a scroll of fog {unknown}
 J - a scroll of amnesia {unknown}
Potions
 g - 3 potions of heal wounds {unknown}
 s - 2 potions of invisibility {unknown}
 v - a potion of brilliance {unknown}
 w - a potion of curing {unknown}
 x - a potion of resistance {unknown}
 I - a potion of might {unknown}
 L - a potion of berserk rage {unknown}
Comestibles
 f - 2 bread rations
 G - 2 beef jerkies


   Skills:
 - Level 4.6 Fighting
 + Level 5.0 Axes
 - Level 4.3 Crossbows
 - Level 2.1 Dodging
 - Level 0.7 Stealth


You had 4 spell levels left.
You didn't know any spells.

Dungeon Overview and Level Annotations

Branches:
Dungeon (4/15)
 Temple: D:4-7

Altars:
Gozag


Innate Abilities, Weirdness & Mutations

You reflexively headbutt those who attack you in melee.
You have a pair of horns on your head.


Message History

The iguana is severely wounded.
The iguana barely misses you.
You barely miss the iguana.
The iguana is severely wounded.
The iguana bites you but does no damage.
You closely miss the iguana. Your headbutt misses the iguana.
The iguana is severely wounded.
The iguana bites you but does no damage.
Your scale mail prevents you from hitting the iguana.
The iguana is heavily wounded.
The iguana barely misses you.
You hit the iguana but do no damage.
The iguana is heavily wounded.
The iguana bites you!
You hit the iguana but do no damage.
The iguana is heavily wounded.
The iguana bites you!
* * * LOW HITPOINT WARNING * * *
The iguana bites you!
You die...

...#...............
#.#.#.###.##.####..#
#.#.#......#.# #...
#.#.#####..#.# #...
#.#.#......#.# #...
#.#.#........####...
#.#.................
#l#.#....†...######.
#.@...............+.
#<...........####.#.
#.######.......####.#.
#...................#.
######################


You could see an iguana.

Vanquished Creatures
  An orc priest (D:2)
  An orc wizard (D:4)
  A hound skeleton (D:4)
  6 adders
  3 worms
  An adder skeleton (D:4)
  2 giant geckos
  7 orcs
  A ball python (D:1)
  5 bats
  4 giant cockroaches
  8 hobgoblins
  2 jackals (D:2)
  2 kobolds (D:2)
  2 quokkas
  A giant newt (D:1)
  7 goblins
  10 rats
64 creatures vanquished.

Notes
Turn   | Place    | Note
--------------------------------------------------------------
     0 | D:1      | abixa, the Minotaur Hunter, began the quest for the Orb.
     0 | D:1      | Reached XP level 1. HP: 18/18 MP: 1/1
   364 | D:1      | Reached XP level 2. HP: 26/26 MP: 1/1
   834 | D:2      | Reached XP level 3. HP: 29/34 MP: 2/2
   942 | D:2      | Found an opulent altar of Gozag.
  1247 | D:2      | You fall through a shaft!
  1252 | D:2      | Reached XP level 4. HP: 41/41 MP: 2/2
  2024 | D:3      | Reached XP level 5. HP: 33/47 MP: 2/2
  2459 | D:4      | Reached skill level 5 in Axes
  2491 | D:4      | Slain by an iguana

Action                   |  1- 3 |  4- 6 || total
-------------------------+-------+-------++-------
Melee: Short sword       |    72 |       ||    72
       Hand axe          |     7 |    96 ||   103
 Fire: Hand crossbow     |     4 |       ||     4
Throw: Stone             |       |    16 ||    16
  Eat: Chunk             |     1 |     4 ||     5
